 Dungeon Crawl Stone Soup version 0.30-a0-335-ge5acde7520 (webtiles) character file.

Game seed: 13192308722677831002

112781 Muataran the Warrior (level 16, -6/155 HPs)
             Began as a Minotaur Fighter on Oct 31, 2022.
             Was the Champion of Qazlal.
             Mangled by a green very ugly thing (9 damage)
             ... on level 15 of the Dungeon.
             The game lasted 01:16:22 (32310 turns).

Muataran the Warrior (Minotaur Fighter)            Turns: 32310, Time: 01:16:29

Health: -6/155     AC: 28    Str: 26    XL:     16   Next: 12%
Magic:  21/21      EV:  4    Int:  7    God:    Qazlal [******]
Gold:   2337       SH: 25    Dex: 11    Spells: 15/15 levels left

rFire   + . .      SeeInvis .    L - +5 trident (vorpal)
rCold   + + +      Faith    +    D - +0 tower shield
rNeg    . . .      Spirit   .    d - +0 crystal plate armour {rC+}
rPois   .          Reflect  .    (helmet restricted)
rElec   .          Harm     .    Y - scarf {rC+ rF+}
rCorr   .          Rampage  .    r - +0 pair of gloves
Will    +....                    A - +0 pair of boots
Stlth   ..........               S - amulet of faith
HPRegen 0.45/turn                h - ring of protection from cold
MPRegen 0.17/turn                t - ring of flight

@: about to teleport, flying, studying Throwing, repel missiles
A: horns 2, retaliatory headbutt
a: Renounce Religion, Upheaval, Elemental Force, Disaster Area


You were on level 15 of the Dungeon.
You worshipped Qazlal.
Qazlal was exalted by your worship.
You visited 5 branches of the dungeon, and saw 24 of its levels.
You visited the Abyss 1 time.
You also visited: Sewer, Ice Cave and Volcano.

You collected 2769 gold pieces.
You spent 432 gold pieces at shops.

Inventory:

Hand Weapons
 f - a +0 broad axe
 G - a -1 demon whip of venom
 L - a +5 vorpal trident (weapon)
 O - the +6 flail "Haeddaru" {vorpal, SInv}
   (You found it on level 3 of the Lair of Beasts)

   It inflicts extra damage upon your enemies.
   SInv:      It lets you see invisible.
Missiles
 C - 4 throwing nets (quivered)
Armour
 a - a +2 plate armour of fire resistance
 d - a +0 crystal plate armour of cold resistance (worn)
 r - a +0 pair of gloves (worn)
 v - +0 fire dragon scales
 A - a +0 pair of boots (worn)
 D - a +0 tower shield (worn)
 X - a +1 scale mail of willpower
 Y - a scarf of resistance (worn)
Jewellery
 h - a ring of protection from cold (left hand)
 t - a ring of flight (right hand)
 P - a ring of resist corrosion
 R - a ring of poison resistance
 S - an amulet of faith (around neck)
Wands
 u - a wand of mindburst (18)
 x - a wand of digging (8)
 F - a wand of charming (26)
 N - a wand of light (9)
 Q - a wand of flame (25)
 V - a wand of iceblast (6)
 W - a wand of polymorph (10)
Scrolls
 b - 3 scrolls of poison
 e - 4 scrolls of fog
 k - 9 scrolls of teleportation
 l - 4 scrolls of noise
 m - 3 scrolls of enchant weapon
 o - a scroll of summoning
 y - 2 scrolls of enchant armour
 B - a scroll of amnesia {unknown}
 J - a scroll of silence
 M - 2 scrolls of fear
 U - 9 scrolls of identify
 Z - 3 scrolls of blinking
Potions
 g - a potion of resistance
 i - a potion of cancellation
 j - 8 potions of curing
 n - 4 potions of flight
 p - 5 potions of brilliance
 q - a potion of invisibility
 s - 2 potions of magic
 w - 4 potions of heal wounds
 z - 4 potions of attraction
 E - 4 potions of ambrosia
 H - 3 potions of might
 I - 4 potions of haste
 K - a potion of lignification {unknown}
 T - 2 potions of berserk rage
Miscellaneous
 c - a phantom mirror


   Skills:
 + Level 17.1 Fighting
 - Level 8.0(11.5) Axes
 - Level 13.1(14.0) Polearms
 + Level 17.0 Armour
 + Level 12.8 Shields
 * Level 8.5 Invocations
 - Level 11.4 Evocations


You had 15 spell levels left.
You didn't know any spells.
Your spell library contained the following spells:

 Spells                   Type           Power      Damage    Failure   Level
 Beastly Appendage        Tmut           0%         N/A       100%        1
 Kiss of Death            Conj/Necr      0%         2d5       100%        1
 Necrotise                Necr           0%         1d4       100%        1
 Shock                    Conj/Air       0%         1d3       100%        1
 Scorch                   Fire           0%         2d5       100%        2
 Sublimation of Blood     Necr           0%         N/A       100%        2
 Wereblood                Tmut           0%         N/A       100%        2
 Confusing Touch          Hex            0%         N/A       100%        3
 Hailstorm                Conj/Ice       0%         3d3       100%        3
 Spider Form              Tmut/Pois      0%         N/A       100%        3
 Swiftness                Air            0%         N/A       100%        3
 Vampiric Draining        Necr           0%         2d6       100%        3
 Airstrike                Air            0%         2d(0-16)  100%        4
 Dispel Undead            Necr           0%         3d6       100%        4
 Flame Wave               Conj/Fire      0%         2d4       100%        4
 Ice Form                 Ice/Tmut       0%         N/A       100%        4
 Leda's Liquefaction      Hex/Erth       0%         N/A       100%        4
 Petrify                  Tmut/Erth      0%         N/A       100%        4
 Summon Lightning Spire   Summ/Air       0%         N/A       100%        4
 Agony                    Necr           0%         N/A       100%        5
 Irradiate                Conj/Tmut      0%         3d11      100%        5
 Lee's Rapid Deconstruct  Erth           0%         3d4*      100%        5
 Lightning Bolt           Conj/Air       0%         1d11      100%        5
 Simulacrum               Ice/Necr       0%         N/A       100%        6
 Statue Form              Tmut/Erth      0%         N/A       100%        6
 Summon Cactus Giant      Summ           0%         N/A       100%        6
 Storm Form               Tmut/Air       0%         N/A       100%        7
 Summon Hydra             Summ           0%         N/A       100%        7
 Maxwell's Capacitive Co  Air            0%         ∞         100%        8


Dungeon Overview and Level Annotations

Branches:
Dungeon (15/15)            Temple (1/1) D:5            Lair (5/5) D:9
  Swamp (0/4) Lair:2       Spider (0/4) Lair:2        Slime (0/5) Lair:5
    Orc (2/2) D:12            Elf (0/3) Orc:2        Vaults (0/5) D:14
 Depths (1/4) D:15          Sewer (visited)           IceCv (visited)
Volcano (visited)

Altars:
Cheibriados
Dithmenos
Elyvilon
Fedhas
Hepliaklqana
Makhleb
Nemelex Xobeh
Okawaru
Qazlal
Ru
Sif Muna
Uskayaw
Xom
The Shining One
Jiyva

Shops:
D:7 :   D:11 (*   D:15 (   Orc:2 :(:

Annotations:
D:2 Sigmund
Lair:2 exclusion: oklob plant


Innate Abilities, Weirdness & Mutations

You have a pair of horns on your head.
You reflexively headbutt those who attack you in melee.


Message History

The green ugly thing is almost dead.
You feel extremely sick.
The red ugly thing punches you but does no damage.
The green very ugly thing stings you but does no damage.
You block the green very ugly thing's attack.
The green ugly thing tail-slaps you!
You are lethally poisoned!
The green ugly thing poisons you!
You puncture the green ugly thing!
You kill the green ugly thing!
Qazlal accepts your kill.
You feel extremely sick.
The green very ugly thing is engulfed in blazing flames.
You block the green very ugly thing's attack.
You block the red ugly thing's attack.
The green very ugly thing stings you but does no damage.
The green very ugly thing basks in the mutagenic energy from its kin and changes!
As you read the scroll of teleportation, it crumbles to dust.
You feel strangely unstable.
* * * LOW HITPOINT WARNING * * *
You feel extremely sick.
The red very ugly thing is struck by lightning.
The red very ugly thing headbutts you!
* * * LOW HITPOINT WARNING * * *
The red ugly thing completely misses you.
The green very ugly thing is engulfed in blazing flames.
The green very ugly thing headbutts you!
* * * LOW HITPOINT WARNING * * *
The green very ugly thing stings you.
* * * LOW HITPOINT WARNING * * *
You are more poisoned.
The green very ugly thing poisons you!
You feel better.
The red very ugly thing is struck by lightning.
The red very ugly thing headbutts you.
* * * LOW HITPOINT WARNING * * *
You block the red ugly thing's attack.
The green very ugly thing is engulfed in blazing flames.
The green very ugly thing headbutts you!
You die...

#...............#
#.......###.#.#.#
###.<.#......P..##
#.............8##
#.#....P.)..8...#
#.#8.........8..#
#.#.P...°....P..##
#....8.P.u☼......#
##......u@.§.....#
##....8uuu....P.#
#....○.§§°8....#
#..............#
#..............#
###..P........#.#
#............##.#
######
#.######.#.####.#
.....#
#.###.....#.....#


You could see 4 very ugly things and a red ugly thing.

Vanquished Creatures
  A very ugly thing (Depths:1)
  An orc warlord (Orc:2)
  4 dire elephants
  Josephine (D:11)
  Harold (Orc:1)
  Fannar (Lair:1)
  A spriggan zombie (D:15)
  5 hydras
  An ogre mage (D:15)
  2 catoblepae
  6 centaur warriors
  2 dancing weapons (D:14)
  9 two-headed ogres
  A death knight (D:14)
  A tengu warrior (D:15)
  A vampire mage (D:15)
  3 death yaks (Lair:5)
  A titan zombie (D:15)
  An orc high priest (Orc:1)
  Sonja (Orc:1)
  Lodul (D:13)
  11 skeletal warriors
  Amaemon (Lair:3)
  A spectral anaconda (Lair:5)
  6 bog bodies
  A shadow dragon zombie (D:15)
  An obsidian statue (Lair:5)
  A wizard (D:14)
  A lindwurm (Lair:5)
  5 necromancers
  4 orc knights
  6 orc sorcerers
  10 cyclopes
  5 manticores
  11 ugly things
  8 black mambas
  25 elephants
  A frost giant zombie (D:15)
  An ice statue (IceCv)
  2 gargoyles
  A molten gargoyle (Volcano)
  A smoke demon (Volcano)
  An orange demon (Lair:3)
  An unseen horror (D:11)
  10 cane toads
  Psyche (D:12)
  A torpor snail (Lair:3)
  7 rime drakes
  2 dire elephant skeletons (Lair:5)
  2 kobold demonologists
  An efreet (D:14)
  3 yaktaurs (D:15)
  A tengu conjurer (D:14)
  9 komodo dragons
  An anaconda simulacrum (IceCv)
  2 trolls
  A red devil (Volcano)
  2 polar bears
  31 blink frogs
  2 hornets
  14 slime creatures
  2 spectral elephants (Lair:5)
  2 vampires
  4 culicivoras (Lair:2)
  10 wraiths
  25 yaks
  2 fire bats (Volcano)
  2 water elementals
  6 wyverns
  A steam dragon (Lair:1)
  2 death yak simulacra (Lair:5)
  3 vampire mosquitoes (D:10)
  2 basilisks
  A harpy simulacrum (IceCv)
  5 acid dragons
  2 wargs (Orc:1)
  A swamp worm (Lair:2)
  Menkaure (D:7)
  A hydra simulacrum (IceCv)
  4 spectral cane toads (Lair:5)
  12 water moccasins
  3 hell hounds (Volcano)
  Pargi (Sewer)
  23 orc warriors
  An ice beast (D:8)
  A black bear (D:6)
  20 ogres
  2 sky beasts (D:7)
  An elephant skeleton (Lair:5)
  11 centaurs
  2 phantoms
  Blork the orc (D:4)
  2 kobold brigands
  12 bullfrogs
  5 cane toad simulacra
  3 gnoll sergeants
  2 necrophages
  6 two-headed ogre simulacra (IceCv)
  3 scorpions (D:4)
  8 wights
  19 killer bees
  8 elephant simulacra
  3 howler monkeys
  6 electric eels
  5 lava snakes (Volcano)
  2 jellies
  20 orc priests
  Crazy Yiuf (D:6)
  2 hounds
  4 iguanas
  45 orc wizards
  Natasha (D:2)
  5 spriggan simulacra (IceCv)
  A wolf simulacrum (IceCv)
  A polar bear simulacrum (IceCv)
  3 troll simulacra (IceCv)
  16 gnolls
  3 naga simulacra (IceCv)
  6 adders
  9 white imps
  8 ufetubi
  2 worms (D:2)
  2 dart slugs (D:2)
  86 orcs
  5 bats
  4 endoplasms
  4 giant cockroaches
  4 goblins
  8 hobgoblins
  15 jackals
  6 quokkas
  5 ball pythons
  13 frilled lizards
  14 kobolds
  3 rats
  A spectral hobgoblin (D:14)
775 creatures vanquished.

Vanquished Creatures (others)
  A bush (Lair:5)
  13 fungi
  14 plants
  28 withered plants
56 creatures vanquished.

Grand Total: 831 creatures vanquished

Notes
Turn   | Place    | Note
-------+----------+-------------------------------------------
     0 | D:1      | Muataran the Minotaur Fighter began the quest for the Orb.
     0 | D:1      | Reached XP level 1. HP: 19/19 MP: 0/0
   120 | D:1      | Reached XP level 2. HP: 27/27 MP: 1/1
   277 | D:1      | Reached XP level 3. HP: 33/33 MP: 2/2
   519 | D:2      | Noticed Sigmund
   634 | D:2      | Noticed an ogre
   860 | D:2      | Reached XP level 4. HP: 37/40 MP: 3/3
  1102 | D:2      | Noticed Natasha
  1115 | D:2      | Killed Natasha
  1861 | D:4      | Noticed a scorpion
  1870 | D:4      | Killed a scorpion
  1871 | D:4      | Reached XP level 5. HP: 17/47 MP: 4/4
  2031 | D:4      | Noticed Blork the orc
  2046 | D:4      | Killed Blork the orc
  2047 | D:4      | Reached skill level 5 in Fighting
  2047 | D:4      | Reached skill level 5 in Armour
  2047 | D:4      | Reached skill level 5 in Shields
  2414 | D:4      | Reached XP level 6. HP: 52/56 MP: 5/5
  3241 | D:5      | Entered Level 5 of the Dungeon
  3359 | D:5      | Found a glowing drain.
  3377 | Sewer    | Entered a sewer
  3406 | Sewer    | Noticed Pargi
  3414 | Sewer    | Killed Pargi
  3415 | Sewer    | Reached skill level 5 in Axes
  3415 | Sewer    | Reached XP level 7. HP: 43/62 MP: 6/6
  3695 | D:5      | Found a staircase to the Ecumenical Temple.
  3704 | Temple   | Entered the Ecumenical Temple
  3711 | Temple   | Became a worshipper of Qazlal Stormbringer
  4238 | D:5      | Reached skill level 1 in Evocations
  4379 | D:5      | Found a blossoming altar of Fedhas.
  4691 | D:6      | Reached XP level 8. HP: 58/71 MP: 7/7
  5129 | D:6      | Reached * piety under Qazlal
  5608 | D:6      | Found a runed translucent door.
  5609 | D:6      | Noticed Crazy Yiuf
  5618 | D:6      | Killed Crazy Yiuf
  6339 | D:7      | Noticed Menkaure
  6618 | D:7      | Killed Menkaure
  6817 | D:7      | Reached XP level 9. HP: 77/81 MP: 6/8
  6890 | D:7      | Found Qesoegra's Tremendous Tomes.
  7888 | D:8      | Found a runed translucent door.
  7939 | D:8      | Reached ** piety under Qazlal
  8018 | D:8      | Reached skill level 1 in Polearms
  8221 | D:8      | Noticed a two-headed ogre
  8226 | D:8      | Killed a two-headed ogre
  8350 | D:8      | Reached skill level 5 in Evocations
  8911 | D:9      | Reached XP level 10. HP: 44/91 MP: 7/9
  9227 | D:9      | Reached *** piety under Qazlal
  9318 | D:9      | Found a staircase to the Lair.
  9936 | D:10     | Entered Level 10 of the Dungeon
 10517 | D:10     | Reached skill level 10 in Fighting
 10517 | D:10     | Reached skill level 10 in Armour
 10520 | D:10     | Reached skill level 5 in Polearms
 10817 | D:10     | Noticed a cyclops
 10848 | D:10     | Killed a cyclops
 11015 | D:10     | Noticed a cyan ugly thing
 11181 | D:10     | Killed a cyan ugly thing
 11201 | D:10     | Reached XP level 11. HP: 48/101 MP: 10/10
 11398 | D:10     | Found a shimmering blue altar of Sif Muna.
 11399 | D:10     | Found a snail-covered altar of Cheibriados.
 11445 | D:10     | Reached **** piety under Qazlal
 12291 | D:11     | Found Noinnef's General Store.
 12303 | D:11     | Bought a potion of curing for 48 gold pieces
 12303 | D:11     | Bought a +1 scale mail of willpower for 256 gold pieces
 12304 | D:11     | Bought 3 scrolls of identify for 96 gold pieces
 12304 | D:11     | Bought a scroll of identify for 32 gold pieces
 12482 | D:11     | Noticed a red ugly thing
 12501 | D:11     | Killed a red ugly thing
 12986 | D:11     | Found Fopsuuki's Weapon Shoppe.
 12986 | D:11     | Noticed a two-headed ogre
 12986 | D:11     | Noticed a brown ugly thing
 12999 | D:11     | Killed a brown ugly thing
 13009 | D:11     | HP: 1/102 [two-headed ogre/+0 giant club (14)]
 13010 | D:11     | Killed a two-headed ogre
 13432 | D:11     | Noticed Josephine
 13447 | D:11     | Killed Josephine
 13688 | Lair:1   | Entered Level 1 of the Lair of Beasts
 14000 | Lair:1   | Noticed Fannar
 14032 | Lair:1   | Killed Fannar
 15101 | Lair:2   | Reached XP level 12. HP: 113/113 MP: 11/11
 15182 | Lair:2   | Noticed a five-headed hydra
 15243 | Lair:2   | Killed a five-headed hydra
 15578 | Lair:2   | Found a hole to the Spider Nest.
 15967 | Lair:2   | Identified the +2 ring mail of the Past {Str+2}
 16201 | Lair:2   | Reached ***** piety under Qazlal
 16219 | Lair:2   | Reached skill level 10 in Polearms
 16438 | Lair:2   | Found a staircase to the Swamp.
 16673 | Lair:3   | Found a blossoming altar of Fedhas.
 16933 | Lair:3   | Noticed Amaemon
 16944 | Lair:3   | Killed Amaemon
 17095 | Lair:3   | Noticed a catoblepas
 17116 | Lair:3   | Killed a catoblepas
 17117 | Lair:3   | Reached XP level 13. HP: 77/123 MP: 12/12
 17304 | Lair:3   | Identified the +6 flail "Haeddaru" {vorpal, SInv}
 17821 | Lair:4   | Found a frozen archway.
 17836 | Lair:4   | Reached skill level 10 in Evocations
 17865 | IceCv    | Entered an ice cave
 18582 | IceCv    | Identified the +3 helmet "Okkawas" {MP+9 Int+5 Dex+4}
 18881 | Lair:4   | Reached ****** piety under Qazlal
 20007 | Lair:5   | Entered Level 5 of the Lair of Beasts
 20257 | Lair:5   | Reached XP level 14. HP: 78/133 MP: 13/13
 20278 | Lair:5   | Reached skill level 15 in Fighting
 20292 | Lair:5   | Reached skill level 15 in Armour
 20311 | Lair:5   | Found a dark tunnel.
 20326 | Volcano  | Entered a volcano
 20808 | Volcano  | Found a burning altar of Makhleb.
 20844 | Volcano  | Identified the +1 ring mail of Submission {rCorr Int+5
                  | Dex-3}
 20927 | Volcano  | Identified the +8 glaive "Kixtyr Donn" {freeze, Contam rC+
                  | Will+ Int+7}
 21270 | Lair:5   | Found a staircase to the Slime Pits.
 21271 | Lair:5   | Found a viscous altar of Jiyva.
 21881 | Lair:5   | Reached skill level 10 in Shields
 23910 | D:12     | Noticed Psyche
 23915 | D:12     | Killed Psyche
 24868 | D:12     | Reached skill level 1 in Invocations
 25373 | D:12     | Found a staircase to the Orcish Mines.
 25677 | D:13     | Noticed Lodul
 25689 | D:13     | Killed Lodul
 25761 | D:13     | Reached XP level 15. HP: 138/143 MP: 14/16
 26287 | D:13     | You are sucked into a shaft and drop 2 floors!
 26287 | D:15     | Entered Level 15 of the Dungeon
 26287 | D:15     | Found Luczetwayd's Antique Weapon Boutique.
 27870 | D:14     | Reached skill level 5 in Invocations
 27880 | Abyss:2  | Cast into level 2 of the Abyss (a wizard)
 27906 | D:14     | Escaped the Abyss
 27936 | D:14     | Found a gate to the Vaults.
 27940 | D:14     | Identified the +1 chain mail of Cevohuor {-Cast *Corrode
                  | +Blink rElec}
 28386 | D:14     | Found a hazy altar of Hepliaklqana.
 28781 | D:15     | Found an iron altar of Okawaru.
 29225 | D:15     | HP: 4/138 [necromancer/bolt of negative energy (13)]
 29547 | D:15     | Found a staircase to the Depths.
 29995 | D:15     | Found a glowing golden altar of the Shining One.
 30128 | Orc:1    | Entered Level 1 of the Orcish Mines
 30141 | Orc:1    | Noticed Harold
 30151 | Orc:1    | Killed Harold
 30348 | Orc:1    | Noticed Sonja
 30359 | Orc:1    | Killed Sonja
 30767 | Orc:2    | Entered Level 2 of the Orcish Mines
 31149 | Orc:2    | Paralysed by an orc sorcerer for 2 turns
 31154 | Orc:2    | Reached XP level 16. HP: 107/150 MP: 21/21
 31290 | Orc:2    | Found Taczag's Armour Emporium.
 31291 | Orc:2    | Found Uhech's Book Emporium.
 31292 | Orc:2    | Found Riph's Weapon Shoppe.
 31296 | Orc:2    | Found Uwotiaci's Book Shoppe.
 31475 | Orc:2    | Found a staircase to the Elven Halls.
 32285 | Depths:1 | Entered Level 1 of the Depths
 32309 | D:15     | HP: 7/155 [green very ugly thing (14)]
 32309 | D:15     | HP: 1/155 [green very ugly thing (6)]
 32310 | D:15     | Mangled by a green very ugly thing

Illustrated notes

Levels and vault maps discovered:
D:1:      minmay_arrival_loop, layout_rooms
D:2:      layout_loops_ring, uniq_natasha, uniq_sigmund
D:3:      layout_basic
D:4:      kennysheep_six_static_rooms, layout_layer_cave, uniq_blork_the_orc
D:5:      layout_cave_pools, fedhas_altar_4,
          minmay_temple_entry_statues_pillars, gup_sewer_entry_pipe
D:6:      layout_layer_cave, lightli_corner_chamber, uniq_crazy_yiuf_cottage
D:7:      layout_basic, nicolae_shop_i_like_big_books, uniq_menkaure
D:8:      layout_layer_cave, serial_co_window_serial, co_window_corner_a,
          co_window_paths_a, co_window_corner_a, co_window_paths_b,
          co_window_paths_a, co_window_unsneaky_path_d, co_window_corner_b,
          co_window_cross_2, co_window_of_opportunity_b, co_window_corner_cb,
          co_window_unsneaky_path_a, co_window_paths_c, glass_columns_b,
          glass_columns_a, glass_columns_c, glass_columns_a, glass_columns_a,
          lightli_church_of_beogh
D:9:      layout_layer_cave, lair_entry_dummy, roderic_roman_lattice
D:10:     minmay_clustersquares, layout_rooms, nicolae_overflow_hidden_temple,
          kennysheep_decorative_pillar, hangedman_decor_growths,
          chequers_serial_rivers_micro_b, minmay_sticks_and_stones
D:11:     layout_loops_corners, serial_shops, nicolae_lakefront_shop,
          kennysheep_small_circle, uniq_josephine
D:12:     layout_basic, orc_0_dummy, uniq_psyche
D:13:     minmay_distorted_concentric_squares, layout_basic, fountainhead,
          uniq_lodul
D:14:     minmay_razor_zed, layout_cave_pods, erik_vaults_1,
          nicolae_hepliaklqana_monster_ancestors
D:15:     gammafunk_depths_entry_grave, layout_loops_ring, tso_altar,
          serial_shops, nicolae_shop_temple_entry_statues_fountains,
          okawaru_trees_1
Temple:   compressed_dpeg_triangle_lava_temple
Lair:1:   layout_cave_shapes, serial_bayou_shore_b, uniq_fannar
Lair:2:   layout_small_grid, nicolae_swamp_entry_splash_gauntlet,
          hellmonk_spider_entry_life_and_decay, minmay_lair_oklob_bushes
Lair:3:   layout_big_grid, basic_altar, uniq_amaemon
Lair:4:   layout_long_grid, portal_ice_cave_rime, st_stairs_7
Lair:5:   due_jungle_book, layout_misc_corridors, slime_entry_1, enter_volcano_2
Orc:1:    layout_caves, uniq_sonja, uniq_harold
Orc:2:    st_orc_mages, layout_caves, mines1_david
Depths:1: layout_forbidden_donut, ebering_ghost_disaster_area, serial_shops,
          nicolae_shop_temple_entry_statues_fountains,
          grunt_hell_entry_dis_grunt, enter_trove_0,
          minmay_misc_feat_secret_circle, minmay_misc_feat_encased,
          minmay_misc_feat_roman, nicolae_island_escapes, serial_bayou_shore_a

Skill      XL: |  1  2  3  4  5  6  7  8  9 10 11 12 13 14 15 16 |
---------------+-------------------------------------------------+-----
Armour         | 4 5 6 8 9 10 12 13 14 15 16 17 | 17.0
Fighting       | 4 5 6 8 9 10 12 13 14 15 17 | 17.1
Shields        | 4 5 6 7 11 12 | 12.8
Axes           | 3 4 5 6 7 8 |  8.0
Evocations     | 1 3 5 6 8 9 10 11 | 11.4
Polearms       | 3 6 9 11 12 13 | 13.1
Invocations    | 2 8 |  8.5

Action                   |  1- 3 |  4- 6 |  7- 9 | 10-12 | 13-15 | 16-18 || total
-------------------------+-------+-------+-------+-------+-------+-------++-------
Melee: War axe           |    90 |   127 |   221 |       |       |       ||   438
       Headbutt          |     8 |    12 |    56 |   105 |   397 |    21 ||   599
       Trident           |       |       |   120 |   645 |  1558 |   125 ||  2448
Invok: Upheaval          |       |       |       |     2 |    13 |       ||    15
Evoke: Wand              |       |       |     4 |    17 |    11 |       ||    32
  Use: Potion            |       |     2 |     1 |     3 |     1 |     1 ||     8
       Scroll            |       |     9 |     8 |     5 |     6 |     1 ||    29
 Stab: Invisible         |       |       |       |     2 |     1 |       ||     3
       Petrified         |       |       |       |     2 |       |       ||     2
Armor: Scale mail        |    42 |    62 |     2 |       |       |       ||   106
       Plate armour      |       |       |   176 |   214 |    85 |       ||   475
       Crystal plate arm |       |       |       |       |   471 |    26 ||   497
Dodge: Dodged            |    52 |    65 |    91 |   116 |   122 |     5 ||   451
       Repelled          |       |       |       |     1 |     2 |       ||     3
Block: Buckler           |    23 |    39 |   106 |   238 |   133 |       ||   539
       Tower shield      |       |       |       |       |  1159 |    76 ||  1235

Table legend: (Time is in decaauts)
 A = Elapsed time spent in this place.
 B = Non-inter-level travel time spent in this place.
 C = Inter-level travel time spent in this place.
 D = Time resting spent in this place.
 E = Time spent auto-exploring this place.
 F = Levels seen in this place.
 G = Mean time per level.
                   A        B        C        D        E       F      G
               +--------+--------+--------+--------+--------+-----+--------+
         Total |  32216 |  29965 |   2251 |   4955 |  18746 |  28 | 1150.6 |
       Dungeon |  20035 |  18723 |   1312 |   3246 |  12047 |  15 | 1335.7 |
        Temple |     14 |     14 |      0 |      0 |      0 |   1 |   14.0 |
          Lair |   8312 |   7449 |    863 |   1039 |   4659 |   5 | 1662.4 |
  Orcish Mines |   1985 |   1910 |     75 |    263 |   1273 |   2 |  992.5 |
        Depths |     17 |     17 |      0 |      0 |      0 |   1 |   17.0 |
         Abyss |     25 |     25 |      0 |      0 |      0 |   1 |   25.0 |
         Sewer |    261 |    261 |      0 |      0 |    189 |   1 |  261.0 |
      Ice Cave |    942 |    942 |      0 |    284 |    408 |   1 |  942.0 |
       Volcano |    621 |    621 |      0 |    123 |    170 |   1 |  621.0 |
               +--------+--------+--------+--------+--------+-----+--------+

Top non-repeatable levels by time:
  Lair:5: 2917 daAuts
    D:10: 2072 daAuts
    D:11: 1898 daAuts
     D:8: 1885 daAuts
    D:14: 1835 daAuts
  Lair:2: 1798 daAuts
     D:6: 1564 daAuts
     D:4: 1528 daAuts
    D:15: 1517 daAuts
  Lair:1: 1487 daAuts
     D:9: 1392 daAuts
    D:12: 1349 daAuts
  Lair:3: 1162 daAuts
    D:13: 1154 daAuts
   Orc:2: 1083 daAuts
